 Dungeon Crawl Stone Soup version 0.18.1-2-ga659475 (webtiles) character file.

45204 tsouns the Impaler (level 14, -3/118 HPs)
             Began as a Merfolk Skald on May 8, 2016.
             Was the Champion of Lugonu.
             Slain by a sun demon (17 damage)
             ... on level 8 of the Lair of Beasts.
             The game lasted 01:04:50 (20346 turns).

tsouns the Impaler (Merfolk Skald)                 Turns: 20346, Time: 01:04:50

Health: -3/118     AC: 14    Str: 14    XL:     14   Next: 32%
Magic:  16/20      EV: 19    Int: 20    God:    Lugonu [******]
Gold:   1262       SH:  3    Dex: 15    Spells: 8 memorised, 5 levels left

rFire  . . .     SeeInvis .     f - +6 halberd (distort)
rCold  . . .     Gourm    .     x - +3 leather armour {rN+}
rNeg   + + .     Faith    .     (shield currently unavailable)
rPois  .         Spirit   .     G - +0 helmet
rElec  +         Dismiss  .     (no cloak)
rCorr  .         Reflect  +     T - +0 pair of gloves
SustAt .         Harm     .     k - +2 pair of boots
MR     +....                    y - +3 amulet of reflection
Stlth  ++++......               X - ring "Cerolem" {*Drain rElec rN+ Int+7}
                                v - +2 ring of protection

@: about to teleport, somewhat resistant to hostile enchantments, stealthy
A: change form in water, swift swim
a: Depart the Abyss, Bend Space, Banish, Corrupt, Enter the Abyss, Renounce
Religion


You were on level 8 of the Lair of Beasts.
You worshipped Lugonu.
Lugonu was exalted by your worship.
You were full.

You visited 3 branches of the dungeon, and saw 19 of its levels.

You collected 1262 gold pieces.

Inventory:

Hand Weapons
 f - a +6 halberd of distortion (weapon)
Missiles
 M - 10 tomahawks (quivered)
Armour
 k - a +2 pair of boots (worn)
 x - a +3 leather armour of positive energy (worn)
 G - a +0 helmet (worn)
 T - a +0 pair of gloves (worn)
 Z - the +1 cloak of Inference {rF- Regen+ Str+2 Slay+2}
   (You found it on level 6 of the Lair of Beasts)

   It affects your strength (+2).
   It affects your accuracy and damage with ranged weapons and melee attacks
   (+2).
   It makes you vulnerable to fire.
   It increases your rate of regeneration.
Jewellery
 q - an uncursed ring of see invisible
 t - an uncursed ring of protection from cold
 v - a +2 ring of protection (left hand)
 y - a +3 amulet of reflection (around neck)
 E - the ring "Ufrimaapn" {+Blink +Fly rPois rC- Str+2}
   (You found it on level 6 of the Dungeon)

   [ring of poison resistance]

   It affects your strength (+2).
   It makes you vulnerable to cold.
   It protects you from poison.
   It lets you fly.
   It lets you blink.
 V - an uncursed amulet of regeneration
 X - the ring "Cerolem" (right hand) {*Drain rElec rN+ Int+7}
   (You found it on level 2 of the Lair of Beasts)

   [ring of positive energy]

   It affects your intelligence (+7).
   It insulates you from electricity.
   It protects you from negative energy.
   It causes draining when unequipped.
Wands
 u - a wand of acid (4/15)
 F - a wand of iceblast (1/15)
 I - a wand of iceblast (7/15)
 O - a wand of flame (19/48)
 U - a wand of paralysis (12/24)
Scrolls
 a - a scroll of summoning
 e - 5 scrolls of recharging
 h - 6 scrolls of magic mapping
 p - 2 scrolls of fog
 r - 3 scrolls of fear
 w - 6 scrolls of blinking
 A - 9 scrolls of remove curse
 B - a scroll of identify
 P - 2 scrolls of teleportation
 Y - a scroll of silence
Potions
 b - a potion of resistance
 g - 2 potions of curing
 i - 2 potions of heal wounds
 l - 2 potions of magic
 n - a potion of ambrosia
 z - 2 potions of flight
 C - 2 potions of cancellation
 D - 2 potions of agility
 N - a potion of haste
 R - a potion of might
 S - 2 potions of lignification
Books
 c - a book of Battle

   Spells                             Type                      Level
   a - Infusion                       Charms                       1
   b - Shroud of Golubria             Charms/Translocation         2
   c - Song of Slaying                Charms                       2
   d - Spectral Weapon                Hexes/Charms                 3
   e - Regeneration                   Charms/Necromancy            3
 o - a book of Transfigurations

   Spells                             Type                      Level
   a - Irradiate                      Conjuration/Transmutation    5
   b - Statue Form                    Transmutation/Earth          6
   c - Hydra Form                     Transmutation                6
   d - Dragon Form                    Transmutation                7
 H - a Young Poisoner's Handbook

   Spells                             Type                      Level
   a - Sting                          Conjuration/Poison           1
   b - Cure Poison                    Poison                       2
   c - Mephitic Cloud                 Conjuration/Poison/Air       3
   d - Olgreb's Toxic Radiance        Poison                       4
   e - Venom Bolt                     Conjuration/Poison           5
 K - a book of Party Tricks

   Spells                             Type                      Level
   a - Summon Butterflies             Summoning                    1
   b - Apportation                    Translocation                1
   c - Tukima's Dance                 Hexes                        3
   d - Alistair's Intoxication        Transmutation/Poison         5
   e - Invisibility                   Hexes                        6
 Q - a book of Debilitation

   Spells                             Type                      Level
   a - Corona                         Hexes                        1
   b - Slow                           Hexes                        2
   c - Gell's Gravitas                Hexes/Translocation          3
   d - Inner Flame                    Hexes/Fire                   3
   e - Cause Fear                     Hexes                        4
   f - Leda's Liquefaction            Hexes/Earth                  4
Comestibles
 d - 3 bread rations
 m - 12 meat rations
 J - 34 fruits
 L - 9 royal jellies


   Skills:
 + Level 13.6 Fighting
 - Level 16.0 Polearms
 - Level 5.0 Armour
 + Level 12.3 Dodging
 + Level 7.8 Stealth
 + Level 4.4 Spellcasting
 + Level 4.0 Hexes
 - Level 3.2 Charms
 - Level 8.7 Invocations
 - Level 6.0 Evocations


You had 5 spell levels left.
You knew the following spells:

 Your Spells              Type           Power        Failure   Level  Hunger
a - Infusion              Chrm           ###.         4%          1    None
b - Song of Slaying       Chrm           ###.....     10%         2    #......
c - Shroud of Golubria    Chrm/Tloc      ##........   14%         2    #......
d - Regeneration          Chrm/Necr      ##........   24%         3    ###....
e - Summon Butterflies    Summ           #.......     17%         1    None
f - Apportation           Tloc           #.........   17%         1    None
g - Spectral Weapon       Hex/Chrm       ###.....     12%         3    ###....
h - Tukima's Dance        Hex            ###.....     10%         3    ###....


Dungeon Overview and Level Annotations

Branches:
Dungeon (10/15)            Temple (1/1) D:6            Lair (8/8) D:10
  Swamp (0/4) Lair:6       Spider (0/4) Lair:3        Slime (0/6) Lair:7
    Orc (0/2) D:9

Altars:
Ashenzari
Cheibriados
Dithmenos
Elyvilon
Fedhas
Gozag
Kikubaaqudgha
Makhleb
Nemelex Xobeh
Okawaru
Pakellas
Qazlal
Ru
Sif Muna
Trog
Vehumet
Xom
Yredelemnul
Zin
The Shining One
Jiyva
Lugonu

Annotations:
Lair:6 exclusion: oklob plant


Message History

The sun demon is heavily wounded.
The sun demon hits you but does no damage.
Read which item? (? for menu, Esc to quit)
As you read the scroll of teleportation, it crumbles to dust.
You feel strangely unstable. The sun demon barely misses you.
You barely miss the sun demon.
The sun demon is heavily wounded.
The sun demon misses you.
You completely miss the sun demon.
The sun demon is heavily wounded.
The sun demon hits you.
* * * LOW HITPOINT WARNING * * *
You are engulfed in flames!
* * * LOW HITPOINT WARNING * * *
Unknown command.
Drink which item? (? for menu, Esc to quit)
You feel better. The sun demon hits you!
* * * LOW HITPOINT WARNING * * *
You are engulfed in flames!
You die...

♣♣♣..♣♣..♣♣♣ ♣♣♣.Y♣♣♣♣♣.(.♣♣
♣ ♣♣.h♣♣♣ ♣♣..)♣♣♣♣ ♣♣♣♣
♣♣..♣♣ ♣♣♣....♣♣♣... ♣..§.♣
♣♣♣.......♣ #######''######
♣♣♣.♣♣.♣♣
#.............#########'♣♣♣♣♣
#....8....8...#........#♣
#............@34..8.8..#
###############4.8.8...#
...4...#...8.8..#
.3....4#..8.8...#
.._...43...8.8..#
..§....#..8.8...#
§§§....#........#
§§§§############# §§§


You could see a sun demon, a hellwing and an ice devil.

Vanquished Creatures
  Maud (Lair:6)
  A catoblepas (Lair:7)
  7 death yaks
  A wizard (Lair:8)
  A griffon (Lair:5)
  12 elephants
  2 orange demons (Lair:8)
  13 spiny frogs
  7 rime drakes
  5 komodo dragons
  2 ice devils (Lair:8)
  A jumping spider (Lair:3)
  A troll (D:9)
  3 polar bears
  A queen bee (Lair:1)
  A two-headed ogre (D:10)
  24 blink frogs
  A redback (Lair:3)
  32 yaks
  A wyvern (Lair:5)
  Grum (D:9)
  2 basilisks
  7 hippogriffs
  A hungry ghost (D:10)
  A hell hound (Lair:8)
  16 water moccasins
  4 orc warriors
  13 porcupines
  4 ice beasts
  3 sky beasts
  A black bear (D:9)
  3 ogres
  2 phantoms
  11 wolves
  4 centaurs
  18 crocodiles
  A big kobold (D:10)
  10 giant frogs
  24 killer bees (Lair:1)
  4 scorpions
  5 wights (D:8)
  4 crimson imps
  2 giant frog zombies
  A centaur zombie (D:5)
  2 hounds
  5 orc wizards
  A giant frog skeleton (D:4)
  4 orc priests
  A centaur skeleton (D:5)
  2 jellies
  Ijyb (D:3)
  An iguana (Lair:6)
  Natasha (thrice) (D:3)
  A worker ant (D:10)
  38 sheep
  A hound skeleton (D:9)
  The ghost of BLOAX the Charmwright, a weakling FeSk (D:4)
  2 howler monkey zombies (D:6)
  A howler monkey skeleton (D:7)
  43 river rats
  15 adders
  7 gnolls (D:4)
  2 shadow imps
  An ooze (D:2)
  4 worms
  An adder skeleton (D:4)
  2 dart slugs
  3 giant geckos
  36 orcs
  4 giant cockroaches
  7 goblins
  12 hobgoblins
  10 jackals
  9 kobolds
  6 quokkas
  5 ball pythons
  4 bats
  A giant gecko skeleton (D:4)
  4 giant newts
  A jackal skeleton (D:7)
  A quokka zombie (D:6)
  10 rats
  A butterfly (D:6)
512 creatures vanquished.

Vanquished Creatures (others)
  4 hydras
  An oklob plant (Lair:8)
  3 black mambas
  An ice devil (Lair:8)
  7 fungi
  7 plants
  15 toadstools (Lair:8)
38 creatures vanquished.

Grand Total: 550 creatures vanquished

Notes
Turn   | Place    | Note
--------------------------------------------------------------
     0 | D:1      | tsouns the Merfolk Skald began the quest for the Orb.
     0 | D:1      | Reached XP level 1. HP: 16/16 MP: 3/3
   219 | D:1      | Reached XP level 2. HP: 20/22 MP: 1/5
   227 | D:1      | Reached skill level 4 in Polearms
   486 | D:1      | Learned a level 2 spell: Song of Slaying
   489 | D:1      | Learned a level 2 spell: Shroud of Golubria
   984 | D:1      | Reached XP level 3. HP: 27/28 MP: 4/6
  1314 | D:2      | Found a stormy altar of Qazlal.
  1368 | D:2      | Found a glowing silver altar of Zin.
  1415 | D:2      | Reached skill level 5 in Polearms
  1656 | D:2      | Reached XP level 4. HP: 34/34 MP: 7/7
  1823 | D:2      | Found an oddly glowing altar of Pakellas.
  2179 | D:3      | Noticed Natasha
  2196 | D:3      | Killed Natasha
  2196 | D:3      | Reached skill level 6 in Polearms
  2422 | D:3      | Found a deep blue altar of Sif Muna.
  2428 | D:3      | Reached XP level 5. HP: 35/41 MP: 2/8
  2555 | D:3      | Noticed Natasha
  2561 | D:3      | Killed Natasha
  2594 | D:3      | Noticed Natasha
  2605 | D:3      | Killed Natasha
  2605 | D:3      | Reached skill level 7 in Polearms
  2736 | D:3      | Noticed Ijyb
  2744 | D:3      | Killed Ijyb
  2908 | D:3      | Reached XP level 6. HP: 40/48 MP: 5/9
  2944 | D:3      | Found a burning altar of Makhleb.
  2945 | D:3      | Found a shimmering altar of Xom.
  3045 | D:4      | Learned a level 3 spell: Regeneration
  3052 | D:4      | Noticed a phantom
  3104 | D:4      | Killed a phantom
  3104 | D:4      | Reached skill level 8 in Polearms
  3255 | D:4      | Noticed BLOAX's ghost (weakling FeSk)
  3264 | D:4      | Killed BLOAX's ghost
  3264 | D:4      | Reached XP level 7. HP: 51/55 MP: 3/10
  3451 | D:4      | Reached skill level 5 in Fighting
  3451 | D:4      | Reached skill level 9 in Polearms
  3519 | D:4      | Found a sacrificial altar of Ru.
  3809 | D:5      | Entered Level 5 of the Dungeon
  3824 | D:4      | Reached skill level 10 in Polearms
  4104 | D:5      | You fall through a shaft!
  4116 | D:6      | Reached XP level 8. HP: 45/64 MP: 6/11
  4485 | D:6      | Found a snail-covered altar of Cheibriados.
  4547 | D:5      | Reached skill level 11 in Polearms
  5209 | D:6      | Noticed Eustachio
  5473 | D:6      | Noticed Eustachio
  5473 | D:6      | Eustachio changed into Eustachio the jelly
  5478 | D:6      | Killed Eustachio the jelly
  5478 | D:6      | Reached skill level 12 in Polearms
  5659 | D:6      | Got a scorched ivory ring
  5774 | D:6      | Found a staircase to the Ecumenical Temple.
  5846 | Temple   | Entered the Ecumenical Temple
  5890 | Temple   | Became a worshipper of Lugonu the Unformed
  5890 | Temple   | Reached * piety under Lugonu
  6224 | D:7      | Found a stormy altar of Qazlal.
  6258 | D:7      | Found a blossoming altar of Fedhas.
  6262 | D:7      | Identified the ring "Ufrimaapn" {+Blink +Fly rPois rC- Str+2} (You found it on level 6 of the Dungeon)
  6349 | D:7      | Found an oddly glowing altar of Pakellas.
  6693 | D:8      | Learned a level 1 spell: Summon Butterflies
  6695 | D:8      | Learned a level 1 spell: Apportation
  6729 | D:8      | Reached XP level 9. HP: 69/72 MP: 10/12
  6746 | D:8      | Reached skill level 13 in Polearms
  6784 | D:8      | Found an iron altar of Okawaru.
  7120 | D:8      | Found an opulent altar of Gozag.
  7120 | D:8      | Found a sparkling altar of Nemelex Xobeh.
  7491 | D:9      | Reached ** piety under Lugonu
  7723 | D:9      | Reached skill level 14 in Polearms
  7723 | D:9      | Reached skill level 1 in Stealth
  7790 | D:9      | Found a staircase to the Orcish Mines.
  7845 | D:9      | Reached skill level 1 in Invocations
  8106 | D:9      | Noticed Grum
  8181 | D:8      | Noticed a troll
  8396 | D:9      | Killed Grum
  8768 | D:9      | Found a shadowy altar of Dithmenos.
  9049 | D:9      | Noticed a troll
  9063 | D:9      | Killed a troll
  9063 | D:9      | Reached XP level 10. HP: 34/82 MP: 6/13
  9273 | D:10     | Entered Level 10 of the Dungeon
  9428 | D:10     | Reached *** piety under Lugonu
  9428 | D:10     | Reached skill level 15 in Polearms
 10145 | D:10     | Found a staircase to the Lair.
 10461 | Lair:1   | Entered Level 1 of the Lair of Beasts
 10564 | Lair:1   | Reached skill level 5 in Stealth
 10627 | Lair:1   | Reached **** piety under Lugonu
 10845 | Lair:1   | Reached skill level 5 in Invocations
 10908 | Lair:1   | Reached skill level 1 in Evocations
 10913 | Lair:1   | Reached XP level 11. HP: 86/90 MP: 10/15
 10945 | Lair:1   | Reached skill level 10 in Fighting
 11335 | Lair:1   | Reached skill level 16 in Polearms
 12187 | Lair:2   | Reached ***** piety under Lugonu
 12187 | Lair:2   | Reached skill level 5 in Dodging
 12723 | Lair:2   | Got a scintillating steel ring
 12741 | Lair:2   | Reached XP level 12. HP: 97/99 MP: 12/17
 12802 | Lair:2   | Reached skill level 5 in Evocations
 13044 | Lair:2   | Identified the ring "Cerolem" {*Drain rElec rN+ Int+7} (You found it on level 2 of the Lair of Beasts)
 13057 | Lair:2   | Learned a level 3 spell: Spectral Weapon
 13355 | Lair:3   | Found a hole to the Spider Nest.
 14054 | Lair:4   | Noticed a five-headed hydra
 14076 | Lair:4   | Banished a five-headed hydra
 15134 | Lair:5   | Reached skill level 10 in Dodging
 15790 | Lair:5   | Reached XP level 13. HP: 101/108 MP: 19/19
 15996 | Lair:6   | Found a blossoming altar of Fedhas.
 16003 | Lair:6   | Found a staircase to the Swamp.
 16031 | Lair:6   | Found an oddly glowing altar of Pakellas.
 16129 | Lair:6   | Noticed Maud
 16277 | Lair:6   | Killed Maud
 16454 | Lair:6   | Got an ichor-stained cloak
 16460 | Lair:6   | Identified the +1 cloak of Inference {rF- Regen+ Str+2 Slay+2} (You found it on level 6 of the Lair of Beasts)
 16510 | Lair:6   | Reached skill level 1 in Armour
 16521 | Lair:6   | Reached ****** piety under Lugonu
 17934 | Lair:7   | Found a viscous altar of Jiyva.
 17934 | Lair:7   | Found a staircase to the Slime Pits.
 18064 | Lair:7   | Reached skill level 1 in Hexes
 18634 | Lair:8   | Entered Level 8 of the Lair of Beasts
 18996 | Lair:8   | Reached XP level 14. HP: 107/118 MP: 20/20
 19494 | Lair:8   | Learned a level 3 spell: Tukima's Dance
 19777 | Lair:8   | Noticed a dire elephant
 19892 | Lair:8   | Identified a +5 halberd of distortion (a +3 halberd of draining corrupted by Lugonu)
 19892 | Lair:8   | Received a gift from Lugonu
 19975 | Lair:8   | Reached skill level 5 in Armour
 20159 | Lair:8   | Found a blossoming altar of Fedhas.
 20319 | Lair:8   | Found a burning altar of Makhleb.
 20346 | Lair:8   | Slain by a sun demon

Skill      XL: |  1  2  3  4  5  6  7  8  9 10 11 12 13 14 |
---------------+-------------------------------------------+-----
Polearms       | 4 5 6 7 8 10 12 14 15 16 | 16.0
Fighting       | 3 4 5 7 8 9 10 12 13 | 13.6
Stealth        | 3 5 7 |  7.8
Invocations    | 2 5 7 8 |  8.7
Evocations     | 1 4 6 |  6.0
Dodging        | 6 10 11 12 | 12.3
Armour         | 4 5 |  5.0
Hexes          | 3 4 |  4.0
Spellcasting   | 3 4 |  4.4
Charms         | |  3.2

Action                   |  1- 3 |  4- 6 |  7- 9 | 10-12 | 13-15 || total
-------------------------+-------+-------+-------+-------+-------++-------
Melee: Spear             |   150 |   177 |    71 |       |       ||   398
       Halberd           |       |       |   448 |   850 |   569 ||  1867
       Tailslap          |       |       |       |       |     1 ||     1
 Fire: Blowgun           |       |       |     3 |       |       ||     3
 Cast: Infusion          |     6 |    12 |    12 |     9 |       ||    39
Invok: Banish            |       |       |       |     4 |     6 ||    10
       Brand Weapon With |       |       |       |       |     1 ||     1
Evoke: Wand              |       |       |     6 |       |       ||     6
  Use: Scroll            |     6 |    10 |     9 |    11 |     4 ||    40
       Potion            |       |       |     2 |     4 |     4 ||    10
 Stab: Distracted        |     1 |       |       |       |     4 ||     5
       Sleeping          |       |     5 |     2 |    17 |     9 ||    33
       Petrifying        |       |       |       |       |     1 ||     1
  Eat: Chunk             |     3 |     4 |     6 |    13 |     8 ||    34
       Fruit             |       |     1 |     2 |       |       ||     3
       Bread ration      |       |       |     1 |       |       ||     1
       Beef jerky        |       |       |     2 |     1 |       ||     3
       Pizza             |       |       |     1 |       |     2 ||     3
       Meat ration       |       |       |     1 |       |       ||     1
       Royal jelly       |       |       |       |     4 |     5 ||     9
Armor: Leather armour    |    29 |    19 |   151 |   118 |    76 ||   393
       Plate armour      |       |       |       |       |    25 ||    25
Dodge: Dodged            |    53 |    47 |   226 |   311 |   215 ||   852
Block: Other             |       |       |    15 |    36 |    38 ||    89
       Reflection        |       |       |       |     2 |       ||     2
